 Dungeon Crawl Stone Soup version 0.23.2-30-g0e89c35649 (webtiles) character file.

Game seed: 12582042377048170365

616 HASTUR3 the Caller (level 7, 27/36 HPs)
             Began as a Deep Elf Summoner on June 19, 2019.
             Was a Believer of Sif Muna.
             Quit the game on level 5 of the Dungeon.
             The game lasted 00:37:34 (5827 turns).

HASTUR3 the Caller (Deep Elf Summoner)              Turns: 5827, Time: 00:37:35

Health: 27/36      AC:  2    Str:  5    XL:     7   Next: 21%
Magic:  17/17      EV: 13    Int: 22    God:    Sif Muna [**....]
Gold:   322        SH:  0    Dex: 15    Spells: 4/17 levels left

rFire    . . .     SeeInvis .   D - +2 dagger (elec)
rCold    . . .     Gourm    .   (no shield)
rNeg     + . .     Faith    +   a - +0 robe
rPois    .         Spirit   .   (no helmet)
rElec    .         Reflect  .   (no cloak)
rCorr    .         Harm     .   (no gloves)
MR       +....                  (no boots)
Stlth    ++........             o - amulet of faith
HPRegen  0.12/turn              v - ring of positive energy
MPRegen  0.15/turn              y - ring of protection from magic

@: no status effects
A: no striking features
a: Divine Energy, Renounce Religion


You were on level 5 of the Dungeon.
You worshipped Sif Muna.
Sif Muna was pleased with you.
You were not hungry.

You visited 2 branches of the dungeon, and saw 6 of its levels.

You collected 322 gold pieces.

Inventory:

Hand Weapons
 D - a +2 dagger of electrocution (weapon)
Armour
 a - a +0 robe (worn)
Jewellery
 o - an amulet of faith (around neck)
 v - a ring of positive energy (left hand)
 y - a ring of protection from magic (right hand)
 A - a cursed ring of attention {unknown}
Wands
 p - a wand of enslavement (5)
 s - a wand of acid (4)
Scrolls
 b - a scroll of immolation {unknown}
 d - a scroll of identify
 f - a scroll of enchant weapon {unknown}
 g - 2 scrolls of remove curse
 i - a scroll of blinking {unknown}
 j - a scroll of teleportation {unknown}
 m - 2 scrolls of magic mapping {unknown}
 t - a scroll of noise {unknown}
 u - a scroll of fear {unknown}
 w - a scroll of enchant armour {unknown}
Potions
 e - a potion of degeneration {unknown}
 h - 2 potions of lignification {unknown}
 k - 2 potions of cancellation {unknown}
 l - 2 potions of heal wounds
 n - a potion of agility {unknown}
 q - 3 potions of curing
 r - a potion of might {unknown}
 z - a potion of invisibility {unknown}
 B - 2 potions of haste {unknown}
Comestibles
 c - 14 rations
 C - 15 chunks of flesh


   Skills:
 - Level 2.4 Dodging
 - Level 2.4 Stealth
 + Level 5.6 Spellcasting
 + Level 4.7 Hexes
 * Level 6.0 Summonings
 - Level 4.5 Ice Magic


You had 4 spell levels left.
You knew the following spells:

 Your Spells              Type           Power        Failure   Level  Hunger
a - Summon Small Mammal   Summ           ####         1%          1    None
b - Call Imp              Summ           ####....     1%          2    None
c - Call Canine Familiar  Summ           ####....     2%          3    ##.....
d - Summon Guardian Gole  Hex/Summ       ####....     3%          3    ##.....
e - Summon Ice Beast      Ice/Summ       ####....     11%         4    ####...

Your spell library contained the following spells:

 Spells                   Type           Power        Failure   Level  Hunger
 Confusing Touch          Hex            ####..       1%          1    None
 Confuse                  Hex            ####....     4%          3    ##.....
 Gell's Gravitas          Tloc           #.........   28%         3    ##.....
 Summon Lightning Spire   Summ/Air       ###.....     28%         4    ####...
 Petrify                  Tmut/Erth      #.......     67%         4    ####...
 Metabolic Englaciation   Hex/Ice        ####......   36%         5    #####..
 Yara's Violent Unravell  Hex/Tmut       ###.......   69%         5    #####..


Dungeon Overview and Level Annotations

Branches:
Dungeon (5/15)             Temple (1/1) D:4

Altars:
Cheibriados
Elyvilon
Fedhas
Gozag
Hepliaklqana
Makhleb
Nemelex Xobeh
Qazlal
Ru
Sif Muna
Trog
Vehumet
Xom
The Shining One


Message History

a +0 giant club; an ogre corpse You butcher the ogre corpse.
C - 15 chunks of flesh (gained 5)
Things that are here:
a +0 giant club; an ogre skeleton Your hound disappears in a puff of smoke!
Found a stone staircase leading up.
You see here a glowing dagger.
There are no items here.
You see here a glowing dagger.
D - a glowing dagger Wield which item (- for none, * to show all)? (? for menu, Esc to quit)
You hear the crackle of electricity.
D - a +2 dagger of electrocution (weapon)
Drop what? 30/52 slots (_ for help) (? for menu, Esc to quit)
You drop a +0 rapier.
You drop a +0 halberd.
Found a rapier and 11 gold pieces.
s - a wand of acid (4) Are you sure you want to abandon this character and quit the game? (Confirm with "yes".)

. #..$..) #. .......##
#.# ........## ##
#..##### .........##
#.##...#... ...<......##
#.#........
...........###........>.
.........#..##..........
.......@###.# #...[.).#.
.........##.###......###
.............##.#...## #
.................^...# #
..........).###...#.## #
......[.....))...####
........##..##..##
.......<......#..####
#.............##..#.## #


There were no monsters in sight!

Vanquished Creatures
  A howler monkey (D:4)
  An orc wizard (D:5)
  2 adders (D:3)
  A shadow imp (D:5)
  2 worms (D:3)
  3 orcs (D:5)
  2 goblins (D:3)
  A hobgoblin (D:3)
  A jackal (D:5)
  A kobold (D:2)
  A bat (D:3)
  A frilled lizard (D:3)
  A rat (D:3)
18 creatures vanquished.

Vanquished Creatures (collateral kills)
  Prince Ribbit (D:5)
  An ogre (D:5)
  2 howler monkeys
  4 hounds
  An orc priest (D:5)
  A bullfrog skeleton (D:4)
  Natasha (thrice) (D:4)
  An iguana (D:5)
  Ijyb (D:4)
  A worker ant (D:4)
  11 gnolls
  10 adders
  An ooze (D:4)
  An adder skeleton (D:4)
  5 dart slugs
  3 worms (D:2)
  6 leopard geckos
  7 orcs
  4 giant cockroaches
  4 goblins
  8 hobgoblins
  5 jackals
  2 quokkas
  2 ball pythons
  11 bats
  5 frilled lizards
  6 kobolds
  A leopard gecko skeleton (D:4)
  9 rats
117 creatures vanquished.

Vanquished Creatures (others)
  5 dream sheep (D:3)
5 creatures vanquished.

Grand Total: 140 creatures vanquished

Notes
Turn   | Place    | Note
-------+----------+-------------------------------------------
     0 | D:1      | HASTUR3 the Deep Elf Summoner began the quest for the Orb.
     0 | D:1      | Reached XP level 1. HP: 10/10 MP: 6/6
   436 | D:1      | Reached XP level 2. HP: 15/15 MP: 3/8
  1005 | D:1      | Learned a level 2 spell: Call Imp
  1267 | D:2      | Reached XP level 3. HP: 19/19 MP: 7/10
  1286 | D:2      | Learned a level 3 spell: Call Canine Familiar
  1428 | D:2      | You fall through a shaft for 2 floors!
  1525 | D:4      | Reached skill level 5 in Summonings
  1528 | D:4      | Noticed Natasha
  1534 | D:4      | Reached XP level 4. HP: 24/24 MP: 3/12
  1546 | D:4      | Killed Natasha
  1651 | D:4      | Reached skill level 5 in Spellcasting
  1721 | D:4      | Noticed Natasha
  1731 | D:4      | Killed Natasha
  1736 | D:4      | Learned a level 3 spell: Summon Guardian Golem
  1741 | D:4      | Learned a level 4 spell: Summon Ice Beast
  1834 | D:4      | Noticed Ijyb
  1849 | D:4      | Killed Ijyb
  1849 | D:4      | Reached skill level 1 in Hexes
  2077 | D:4      | Reached XP level 5. HP: 23/28 MP: 3/14
  2297 | D:4      | Reached skill level 6 in Summonings
  2411 | D:4      | Found a staircase to the Ecumenical Temple.
  2434 | Temple   | Entered the Ecumenical Temple
  2541 | Temple   | Became a worshipper of Sif Muna the Loreminder
  3214 | D:4      | Noticed Natasha
  3233 | D:4      | Killed Natasha
  3248 | D:4      | Reached skill level 1 in Ice Magic
  3385 | D:3      | Noticed a dream sheep
  3385 | D:3      | Noticed a dream sheep
  3385 | D:3      | Noticed a dream sheep
  3385 | D:3      | Noticed a dream sheep
  3385 | D:3      | Noticed a dream sheep
  3385 | D:3      | Found a shimmering altar of Xom.
  3390 | D:3      | Killed a dream sheep
  3390 | D:3      | Killed a dream sheep
  3390 | D:3      | Killed a dream sheep
  3390 | D:3      | Killed a dream sheep
  3393 | D:3      | Killed a dream sheep
  3555 | D:3      | Reached XP level 6. HP: 17/32 MP: 5/15
  4167 | D:3      | Reached * piety under Sif Muna
  4676 | D:2      | Found a sacrificial altar of Ru.
  5181 | D:5      | Entered Level 5 of the Dungeon
  5258 | D:5      | Noticed Prince Ribbit
  5537 | D:5      | Killed Prince Ribbit
  5602 | D:5      | Reached XP level 7. HP: 34/36 MP: 12/16
  5623 | D:5      | Reached ** piety under Sif Muna
  5827 | D:5      | Quit the game

Skill      XL: |  1  2  3  4  5  6 |
---------------+-------------------+-----
Spellcasting   | 4 5 |  5.6
Summonings     | 5 6 |  6.0
Hexes          | 1 3 4 |  4.7
Ice Magic      | 1 4 |  4.5
Dodging        | |  2.4
Stealth        | |  2.4

Action                   |  1- 3 |  4- 6 |  7- 9 || total
-------------------------+-------+-------+-------++-------
Melee: Unarmed           |     3 |       |       ||     3
       Rapier            |       |    10 |       ||    10
       Halberd           |       |    72 |    19 ||    91
 Cast: Summon Small Mamm |    41 |     1 |     1 ||    43
       Call Imp          |     8 |    17 |     3 ||    28
       Call Canine Famil |     6 |    25 |     3 ||    34
       Summon Guardian G |       |    11 |     2 ||    13
       Summon Ice Beast  |       |     8 |       ||     8
  Use: Scroll            |       |     4 |       ||     4
       Potion            |       |     2 |       ||     2
 Stab: Sleeping          |       |     3 |       ||     3
  Eat: Chunk             |     2 |    15 |     2 ||    19
Armor: Robe              |     3 |    22 |       ||    25
Dodge: Dodged            |    25 |    78 |    13 ||   116
